 Dungeon Crawl Stone Soup version 0.21.1-1-g345015f (webtiles) character file.

373 LairdRich the Chopper (level 6, 0/56 HPs)
             Began as a Minotaur Berserker on June 13, 2018.
             Was a Priest of Trog.
             Slain by LairdRich's ghost (5 damage)
             ... on level 4 of the Dungeon.
             The game lasted 00:09:43 (3633 turns).

LairdRich the Chopper (Minotaur Berserker)          Turns: 3633, Time: 00:09:43

Health: 0/56       AC:  6    Str: 21    XL:     6   Next: 43%
Magic:  5/5        EV: 12    Int:  4    God:    Trog [***...]
Gold:   147        SH:  0    Dex: 12    Spells: 5/5 levels left

rFire    . . .     SeeInvis .   a - +1 hand axe
rCold    . . .     Gourm    .   (no shield)
rNeg     . . .     Faith    .   l - +1 ring mail
rPois    .         Spirit   .   (helmet restricted)
rElec    .         Reflect  .   (no cloak)
rCorr    .         Harm     .   (no gloves)
MR       .....                  (no boots)
Stlth    +.........             (no amulet)
HPRegen  0.18/turn              (no ring)
MPRegen  0.09/turn              (no ring)

@: berserk cooldown, slowed, very slow
A: retaliatory headbutt, horns 2
a: Berserk, Trog's Hand, Burn Spellbooks, Renounce Religion


You were on level 4 of the Dungeon.
You worshipped Trog.
Trog was most pleased with you.
You were very hungry.

You visited 1 branch of the dungeon, and saw 4 of its levels.

You collected 147 gold pieces.

Inventory:

Hand Weapons
 a - a +1 hand axe (weapon)
Armour
 l - a +1 ring mail (worn)
 n - a +0 scale mail
Jewellery
 e - an uncursed ring of ice {unknown}
 s - an uncursed ring of positive energy
Wands
 m - a wand of scattershot (5)
Scrolls
 b - 2 scrolls of enchant weapon
 d - a scroll of magic mapping
 h - 5 scrolls of identify
 r - 2 scrolls of fog
Potions
 f - 2 potions of agility {unknown}
 g - a potion of degeneration {unknown}
 i - 2 potions of lignification {unknown}
 j - 2 potions of heal wounds {unknown}
 k - a potion of ambrosia {unknown}
 o - 4 potions of curing {unknown}
 p - 2 potions of might {unknown}
 q - 2 potions of brilliance {unknown}
Comestibles
 c - 6 rations


   Skills:
 + Level 5.0 Fighting
 * Level 6.2 Axes
 + Level 4.2 Armour
 + Level 3.8 Dodging


You had 5 spell levels left.
You didn't know any spells.

Dungeon Overview and Level Annotations

Branches:
Dungeon (4/15)
 Temple: D:4-7

Altars:
Fedhas
Vehumet

Shops:
D:4 *

Annotations:
D:4 LairdRich's ghost, amateur MiBe


Innate Abilities, Weirdness & Mutations

You reflexively headbutt those who attack you in melee.
You have a pair of horns on your head.


Message History

You feel a strong urge to attack something.
LairdRich's ghost (amateur Minotaur Berserker) comes into view.
LairdRich's ghost is nearby!
c - 6 rations (gained 1)
Things that are here:
a club; an orc corpse You feel your anger nearly subside.
You are no longer berserk.
You are exhausted.
You feel yourself slow down.
Things that are here:
a club; an orc corpse
Found 24 stones.
LairdRich's ghost barely misses you. LairdRich's ghost hits you!
* * * LOW HITPOINT WARNING * * *
Found a scroll of fog.
You closely miss LairdRich's ghost.
You headbutt LairdRich's ghost, but do no damage.
LairdRich's ghost hits you.
You die...

..###...W........#
*,,,,*
###.......#####).#
*,,,,*
..........##**#))#
***+**
########.....*#..# *,# #
*,**#.##..#####.# ## *,*
#...........# .# *,*
#...........# .# *****,*
#....W$.....# ,* *,,,,,*
#....@......#
,***,******####........#
,,,,,* *,,,,..........#
****** *,,....(....##.#
*...........#*,#
*######.....',,*
#.....#.,* ######*
###....?.**** ......*
*****,,,,,,,,,*


You could see LairdRich's ghost.

Vanquished Creatures
  A phantom (D:4)
  2 orc wizards (D:4)
  2 orc priests
  Terence (D:3)
  7 adders
  4 leopard geckos
  9 orcs
  2 ball pythons (D:3)
  5 giant cockroaches
  7 hobgoblins
  6 jackals
  8 kobolds
  6 bats
  5 frilled lizards
  6 goblins
  6 rats
77 creatures vanquished.

Vanquished Creatures (others)
  A bat (D:2)
  A fungus (D:3)
2 creatures vanquished.

Grand Total: 79 creatures vanquished

Notes
Turn   | Place    | Note
-------+----------+-------------------------------------------
     0 | D:1      | LairdRich the Minotaur Berserker began the quest for the Orb.
     0 | D:1      | Reached XP level 1. HP: 19/19 MP: 0/0
   161 | D:1      | Reached XP level 2. HP: 27/27 MP: 1/1
   217 | D:1      | Reached skill level 4 in Axes
   908 | D:1      | Reached ** piety under Trog
  1357 | D:2      | Reached XP level 3. HP: 23/33 MP: 2/2
  1942 | D:2      | Found a radiant altar of Vehumet.
  2153 | D:2      | Reached XP level 4. HP: 40/40 MP: 3/3
  2302 | D:3      | Reached skill level 5 in Axes
  2408 | D:3      | Found a blossoming altar of Fedhas.
  2713 | D:3      | Reached *** piety under Trog
  2782 | D:3      | Reached XP level 5. HP: 47/47 MP: 4/4
  2949 | D:3      | Noticed Terence
  2955 | D:3      | Killed Terence
  3349 | D:4      | Found Oxuapn's General Store.
  3381 | D:4      | Noticed a phantom
  3406 | D:4      | Killed a phantom
  3406 | D:4      | Reached skill level 6 in Axes
  3406 | D:4      | Reached XP level 6. HP: 24/55 MP: 5/5
  3618 | D:4      | Reached skill level 5 in Fighting
  3622 | D:4      | Noticed LairdRich's ghost (amateur MiBe)
  3633 | D:4      | Slain by LairdRich's ghost

Skill      XL: |  1  2  3  4  5  6 |
---------------+-------------------+-----
Axes           | 4 5 6 |  6.2
Fighting       | 4 5 |  5.0
Armour         | 3 4 |  4.2
Dodging        | 3 |  3.8

Action                   |  1- 3 |  4- 6 || total
-------------------------+-------+-------++-------
Melee: Hand axe          |    81 |    92 ||   173
       Headbutt          |     7 |    26 ||    33
Invok: Burn Spellbooks   |     1 |       ||     1
       Berserk           |       |     3 ||     3
  Use: Scroll            |       |     7 ||     7
 Stab: Sleeping          |     1 |       ||     1
  Eat: Chunk             |     4 |     3 ||     7
       Ration            |       |     1 ||     1
Armor: Animal skin       |    13 |     1 ||    14
       Ring mail         |       |    15 ||    15
Dodge: Dodged            |    53 |    41 ||    94
